Map: Frozen Temple

Players

Fropez

  • Race: Protoss Protoss
  • League: Gold
  • Spawn Location: 5:00

Joynerchaos - Winner!

  • Race: Protoss Protoss
  • League: Platinum
  • Spawn Location: 11:00

VOD

Have the link to the VOD?

Description

Time

  • Played on: Nov. 21, 2016, 4:19 p.m.
  • Length: 7:46
Show
View Real Time Build Order
Export as new Build Order

Fropez Protoss 

Build Orders:  

Get SALT Encoding   

  12  0:08  Probe (Chrono Boost)  
  13  0:17  Pylon  
  13  0:19  Probe (Chrono Boost)  
  14  0:26  Assimilator  
  14  0:29  Probe (Chrono Boost)  
  15  0:42  Gateway  
  15  0:49  Probe (Chrono Boost)  
  16  0:59  Probe (Chrono Boost)  
  17  1:10  Probe (Chrono Boost)  
  18  1:13  Gateway  
  18  1:20  Probe (Chrono Boost)  
  19  1:27  Assimilator  
  19  1:33  Probe (Chrono Boost), Cybernetics Core  
  20  1:48  Probe (Chrono Boost)  
  21  1:57  Pylon  
  21  2:12  Nexus  
  21  2:20  Mothership Core (Chrono Boost)  
  23  2:29  Pylon  
  23  2:39  Probe (Chrono Boost)  
  23  2:40  Pylon  
  24  2:49  Pylon  
  24  2:52  Probe (Chrono Boost)  
  24  2:57  Warp Gate  
  25  3:02  Probe (Chrono Boost)  
  25  3:13  Probe (Chrono Boost)  
  25  3:15  Stalker x2  
  30  3:30  Probe (Chrono Boost)  
  31  3:36  Pylon  
  31  3:38  Pylon  
  31  4:01  Adept  
  31  4:02  Adept  
  35  4:04  Probe x2 (Chrono Boost)  
  37  4:11  Forge  
  37  4:14  Probe (Chrono Boost)  
  37  4:41  Pylon  
  36  4:57  Mothership Core (Chrono Boost)  
  36  5:00  Robotics Facility  
  36  5:04  Protoss Ground Weapons Level 1 (Chrono Boost)  
  36  5:05  Probe  
  35  5:10  Stalker  
  35  5:11  Stalker  
  39  5:17  Probe x2, Photon Cannon  
  41  5:24  Pylon  
  41  5:29  Probe  
  40  5:41  Stalker x2  
  44  5:50  Twilight Council  
  44  5:58  Probe  
  44  6:00  Probe  
  44  6:04  Warp Prism  
  48  6:13  Gateway  
  48  6:16  Gateway  
  47  6:29  Stalker x2  
  51  6:36  Photon Cannon  
  47  6:46  Immortal  
  47  6:54  Stalker x2  
  55  6:59  Probe  
  55  7:00  Probe  
  57  7:01  Pylon  
  57  7:03  Pylon  
  47  7:13  Pylon  
  47  7:19  Pylon  
  47  7:25  Assimilator  
  47  7:27  Adept x3  
Show
View Real Time Build Order
Export as new Build Order

Joynerchaos Protoss - Winner!

Build Orders: 1 Gate Expand 

Get SALT Encoding   

  12  0:01  Probe (Chrono Boost)  
  14  0:14  Probe (Chrono Boost)  
  14  0:19  Pylon  
  14  0:24  Probe (Chrono Boost)  
  15  0:39  Gateway  
  15  0:40  Probe (Chrono Boost)  
  16  0:52  Probe (Chrono Boost)  
  16  0:53  Assimilator  
  17  1:03  Probe (Chrono Boost)  
  18  1:13  Probe (Chrono Boost)  
  19  1:26  Probe (Chrono Boost)  
  19  1:31  Nexus  
  20  1:43  Cybernetics Core  
  20  1:44  Zealot (Chrono Boost)  
  22  1:48  Probe  
  23  2:04  Assimilator  
  23  2:10  Pylon  
  23  2:22  Warp Gate (Chrono Boost)  
  23  2:28  Probe  
  24  2:34  Adept  
  26  2:39  Gateway  
  26  2:40  Probe, Gateway  
  27  2:48  Probe  
  28  3:03  Probe  
  28  3:04  Probe  
  30  3:13  Probe  
  30  3:14  Stalker  
  30  3:16  Probe  
  34  3:20  Stargate  
  34  3:24  Probe  
  35  3:28  Probe  
  36  3:37  Stalker  
  32  4:17  Void Ray (Chrono Boost)  
  36  4:25  Probe  
  36  4:26  Probe  
  38  4:38  Stalker x2  
  38  4:39  Stalker  
  44  4:52  Pylon  
  44  5:01  Probe  
  44  5:02  Probe  
  46  5:11  Probe  
  46  5:13  Stalker x3  
  53  5:14  Probe  
  54  5:21  Pylon  
  54  5:23  Pylon  
  54  5:40  Void Ray (Chrono Boost)  
  54  5:41  Stalker x3  
  64  5:57  Probe  
  64  5:58  Probe  
  66  6:05  Stalker x2  
  70  6:16  Pylon  
  70  6:19  Pylon  
  70  6:22  Pylon  
  70  6:42  Probe  
  70  6:43  Void Ray (Chrono Boost)  
  70  6:44  Probe  
  70  6:45  Stalker x3  
  82  6:55  Gateway  
  82  6:57  Gateway  
  80  7:12  Nexus, Stalker x3  
  86  7:35  Stalker x2  
  86  7:36  Stalker  
Tags
 
Matchup
PvP
Replay Pack
From the laptop
Spawn Locations
Cross Positions
Add a new tag
Caveats
  • Supply blocks, unpowered buildings, or Contaminate may cause inaccurate times.
  • Supply counts are checked every 10 seconds.